 Dungeon Crawl Stone Soup version 0.29-a0-275-g389c0b56f3 (webtiles) character file.

Game seed: 16496897648620148290

4 Tocho the Grave Robber (level 1, 0/10 HPs)
             Began as a Vampire Necromancer on Mar 10, 2022.
             Killed from afar by Sigmund (8 damage)
             ... with a magic dart
             ... on level 2 of the Dungeon.
             The game lasted 00:00:34 (152 turns).

Tocho the Grave Robber (Vampire Necromancer)         Turns: 152, Time: 00:00:35

Health: 0/10       AC:  2    Str:  7    XL:     1   Next: 58%
Magic:  3/3        EV: 12    Int: 17    God:
Gold:   25         SH:  0    Dex: 14    Spells: 3/4 levels left

rFire   . . .      SeeInvis +   c - +0 dagger
rCold   + + .      Faith    .   (no shield)
rNeg    + + +      Spirit   .   a - +0 robe
rPois   ∞          Reflect  .   (no helmet)
rElec   .          Harm     .   (no cloak)
rCorr   .          Rampage  .   (no gloves)
Will    .....                   (no boots)
Stlth   ++++......              (no amulet)
HPRegen 0.00/turn               (no ring)
MPRegen 0.08/turn               (no ring)

@: bloodless, inhibited regen
A: bloodless, fangs 3, see invisible, vampiric 1
a: Revivify


You were on level 2 of the Dungeon.
You visited 1 branch of the dungeon, and saw 2 of its levels.

You collected 25 gold pieces.

Inventory:

Hand Weapons
 c - a +0 dagger (weapon)
Armour
 a - a +0 robe (worn)
Scrolls
 e - a scroll of teleportation {unknown}
Potions
 b - a potion of magic
 d - a potion of mutation {unknown}


   Skills:
 + Level 2.2 Dodging
 + Level 3.0 Stealth
 + Level 2.0 Spellcasting
 + Level 4.6 Necromancy


You had 3 spell levels left.
You knew the following spells:

 Your Spells              Type           Power      Damage    Failure   Level
a - Pain                  Necr           68%        1d7       3%          1

Your spell library contained the following spells:

 Spells                   Type           Power      Damage    Failure   Level
 Animate Skeleton         Necr           34%        N/A       3%          1
 Vampiric Draining        Necr           17%        2d7       9%          3
 Animate Dead             Necr           8%         N/A       28%         4
 Agony                    Necr           17%        N/A       63%         5


Dungeon Overview and Level Annotations

Branches:
Dungeon (1/15)

Altars:

Annotations:
D:2 Sigmund


Innate Abilities, Weirdness & Mutations

You do not regenerate when monsters are visible.
You are frail without blood (-20% HP).
You can heal yourself when you bite living creatures.
You are immune to poison.
You have razor-sharp teeth.
You have supernaturally acute eyesight. (SInv)
You are afflicted with vampirism.


Message History

You become bloodless.
Found 12 gold pieces.
d - a sedimented pink potion You now have 5 gold pieces.
Found a stone staircase leading down.
You now have 13 gold pieces (gained 8).
Found a scroll labelled MEHENI ARHARUCS.
You now have 25 gold pieces (gained 12).
A hobgoblin comes into view.
Found a hand axe.
You see here a scroll labelled MEHENI ARHARUCS.
The hobgoblin shouts!
Aiming: Pain (safe; 3% risk of failure)
Press: ? - help, Q - select action Shift-Dir - straight line, f - hobgoblin
Aim: a hobgoblin (chance to affect: 87%)
The hobgoblin writhes in agony!
You kill the hobgoblin!
e - a scroll labelled MEHENI ARHARUCS You see here a +0 hand axe.
You see here a goblin corpse.
Things that are here:
a +0 whip; 5 stones A goblin comes into view.
It is wielding a +0 club.
A sourceless malevolence fills the Dungeon...
You fall into a shaft and drop 1 floor!
The shaft crumbles and collapses.
Sigmund, a quokka and a kobold come into view.
Found 16 gold pieces and a wooden ring.
Found an escape hatch in the floor.
The kobold shouts!
You hit the kobold. You bite the kobold.
You kill the kobold!
A kobold comes into view. It is wielding a +0 club.
Found 6 gold pieces.
The kobold hits you but does no damage.
You see here a +0 short sword.
Sigmund shouts!
The kobold hits you with a +0 club. Sigmund casts a spell at you.
The magic dart hits you!
Ouch! That really hurt!
You die...

##### .... ..#
#.####..#
#@K.....$
####)####..#
#.>.....#
#....r.....#
#.........$...
...........#....
#..#.......@ ...
#..#.......#= ..
#. ........... .


You could see Sigmund, a quokka and a kobold.

Vanquished Creatures
  A goblin (D:1)
  A hobgoblin (D:1)
  2 kobolds
4 creatures vanquished.

Notes
Turn   | Place    | Note
-------+----------+-------------------------------------------
     0 | D:1      | Tocho the Vampire Necromancer began the quest for the Orb.
     0 | D:1      | Reached XP level 1. HP: 13/13 MP: 3/3
   149 | D:1      | You fall into a shaft and drop 1 floor!
   149 | D:2      | Noticed Sigmund
   152 | D:2      | Killed from afar by Sigmund

Illustrated notes

Levels and vault maps discovered:
D:1:      dpeg_arrival_rhombus, layout_rooms
D:2:      layout_loops_ring, uniq_crazy_yiuf_cottage, uniq_sigmund

Action                   || total
-------------------------++-------
Melee: Dagger            ||     1
       Bite              ||     1
 Cast: Pain              ||     3
 Abil: Exsanguinate      ||     1
Armor: Robe              ||     1

Table legend: (Time is in decaauts)
 A = Elapsed time spent in this place.
 B = Non-inter-level travel time spent in this place.
 C = Inter-level travel time spent in this place.
 D = Time resting spent in this place.
 E = Time spent auto-exploring this place.
 F = Levels seen in this place.
 G = Mean time per level.
                   A        B        C        D        E       F      G
               +--------+--------+--------+--------+--------+-----+--------+
         Total |    151 |    151 |      0 |      0 |     64 |   2 |   75.5 |
       Dungeon |    151 |    151 |      0 |      0 |     64 |   2 |   75.5 |
               +--------+--------+--------+--------+--------+-----+--------+

Top non-repeatable levels by time:
     D:1: 148 daAuts
     D:2: 2 daAuts
